Map: Coda LE (Void)

Players

Bop

  • Race: Protoss Protoss

Moopels - Winner!

  • Race: Zerg Zerg

VOD

Have the link to the VOD?

Description

Time

  • Played on: May 7, 2015, 1:23 a.m.
  • Length: 3:49
Show
View Real Time Build Order
Export as new Build Order

Bop Protoss 

Build Orders: Nexus First 

Get SALT Encoding   

  12  0:00  Probe  
  13  0:13  Probe  
  14  0:41  Nexus  
  14  0:53  Pylon  
  14  1:11  Probe (Chrono Boost)  
  14  1:13  Gateway  
  15  1:20  Assimilator  
  15  1:23  Probe (Chrono Boost)  
  16  1:30  Probe (Chrono Boost)  
  17  1:41  Probe  
  18  1:50  Gateway  
  18  2:00  Cybernetics Core  
  18  2:01  Zealot (Chrono Boost)  
  20  2:03  Pylon  
  20  2:05  Probe  
  21  2:10  Probe  
  24  2:24  Zealot (Chrono Boost)  
  24  2:26  Probe x2  
  24  2:37  Adept (Chrono Boost)  
  24  2:39  Probe x2 (Chrono Boost)  
  30  2:51  Probe x2 (Chrono Boost)  
  31  2:59  Probe (Chrono Boost)  
  31  3:03  Probe  
  32  3:08  Probe  
  32  3:12  Pylon  
  33  3:33  Pylon  
Show
View Real Time Build Order
Export as new Build Order

Moopels Zerg - Winner!

Build Orders: Pool First 

Get SALT Encoding   

  12  0:19  Spawning Pool  
  11  0:23  Extractor  
  11  0:24  Drone  
  11  0:29  Drone  
  11  0:34  Drone  
  13  0:40  Drone  
  14  0:49  Overlord  
  14  1:07  Queen  
  16  1:19  Zergling x2  
  16  1:20  Zergling x4  
  19  1:29  Metabolic Boost  
  19  1:32  Drone  
  20  1:41  Drone  
  21  2:06  Hatchery  
  21  2:07  Zergling x4  
  21  2:32  Zergling x2  
  21  2:33  Overlord  
  21  2:52  Zergling x2  
  22  3:03  Zergling x2  
  22  3:04  Zergling x4  
  24  3:08  Zergling x2  
  25  3:19  Zergling x6  
  28  3:30  Zergling x2  
Tags
 
Add a new tag
Caveats
  • Supply blocks, unpowered buildings, or Contaminate may cause inaccurate times.
  • Supply counts are checked every 10 seconds.